GULF
GALVESTON SAND CRABS @ CLEARWATER THRESHERS
07/22/1982
 
TOP OF THE 1ST
Galveston Sand Crabs batting - Pitching for Clearwater Threshers : LHP Natale Beltrametti
Pitching: LHP Natale Beltrametti
Batting: LHB David Dyrek 0-0: Ball
1-0: Fly out, F9 (Flyball, 9D, EV 91.3 MPH)
Batting: SHB Darryl Wilks 0-0: Ground out 3-1 (Groundball, 34, EV 85.6 MPH)
Batting: RHB Cayetano Cadahia 0-0: Ball
1-0: Ball
2-0: Ground out 1-3 (Groundball, 13S, EV 65.6 MPH)
Top of the 1st over - 0 runs, 0 hits, 0 errors, 0 left on base; Galveston 0 - Clearwater 0
BOTTOM OF THE 1ST
Clearwater Threshers batting - Pitching for Galveston Sand Crabs : RHP Bill Mooneyham
Pitching: RHP Bill Mooneyham
Batting: LHB Tom Jones 0-0: Called Strike
0-1: Foul Ball, location: 2F
0-2: Ball
1-2: Foul Ball, location: 2F
1-2: Ball
2-2: Foul Ball, location: 2F
2-2: Strikes out looking
Batting: RHB Vincent Beringhele 0-0: Fly out, F9 (Flyball, 9D, EV 104.4 MPH)
Batting: SHB Craig Smajstrla 0-0: Called Strike
0-1: SINGLE (Line Drive, 3D, EV 95.0 MPH)
Batting: RHB Roy Wolfe 0-0: Ground out 5-3 (Groundball, 56S, EV 77.5 MPH)
Bottom of the 1st over - 0 runs, 1 hit, 0 errors, 1 left on base; Galveston 0 - Clearwater 0
TOP OF THE 2ND
Galveston Sand Crabs batting - Pitching for Clearwater Threshers : LHP Natale Beltrametti
Batting: RHB Stephen Fleming 0-0: Ball
1-0: SOLO HOME RUN (Flyball, 89XD, EV 101.9 MPH), Distance : 434 ft
Batting: RHB Sergio Padilla 0-0: Ball
1-0: SINGLE (Groundball, 6S, EV 66.9 MPH) (infield hit)
Batting: RHB Willie Thomas Pickoff Throw to First - Error! E1
Sergio Padilla to second
0-0: Called Strike
0-1: Fly out, F8 (Flyball, 8RM, EV 78.1 MPH)
Batting: SHB Ricardo Rivera 0-0: Ball
1-0: Ball
2-0: Ball
3-0: Called Strike
3-1: Base on Balls
Batting: RHB Wil Muela 0-0: Fly out, F8 (Line Drive, 8RD, EV 91.3 MPH)
Batting: RHB Jon Debus 0-0: Swinging Strike
0-1: Ball
1-1: Swinging Strike
1-2: Foul Ball, location: 2F
1-2: Ball
2-2: Strikes out looking
Top of the 2nd over - 1 run, 2 hits, 1 error, 2 left on base; Galveston 1 - Clearwater 0
BOTTOM OF THE 2ND
Clearwater Threshers batting - Pitching for Galveston Sand Crabs : RHP Bill Mooneyham
Batting: RHB Gregory Norman 0-0: SINGLE (Groundball, 34D, EV 97.5 MPH)
Batting: LHB Virgilio Silverio 0-0: Called Strike
0-1: Swinging Strike
0-2: Fly out, F8 (Flyball, 8RM, EV 83.8 MPH)
Batting: RHB Jason Porter 0-0: Called Strike
0-1: Ball
1-1: Ball
2-1: Foul Ball, location: 2F
2-2: Strikes out swinging
Batting: RHB Pete Piskol 0-0: Swinging Strike
0-1: Called Strike
0-2: Strikes out swinging
Bottom of the 2nd over - 0 runs, 1 hit, 0 errors, 1 left on base; Galveston 1 - Clearwater 0
TOP OF THE 3RD
Galveston Sand Crabs batting - Pitching for Clearwater Threshers : LHP Natale Beltrametti
Batting: LHB David Dyrek 0-0: Ball
1-0: Ground out U3 (Groundball, 3, EV 84.4 MPH)
Batting: SHB Darryl Wilks 0-0: Ball
1-0: Fly out, F8 (Flyball, 8LD, EV 96.9 MPH)
Batting: RHB Cayetano Cadahia 0-0: Called Strike
0-1: Ball
1-1: Swinging Strike
1-2: Ground out 5-3 (Groundball, 5L, EV 101.3 MPH)
Top of the 3rd over - 0 runs, 0 hits, 0 errors, 0 left on base; Galveston 1 - Clearwater 0
BOTTOM OF THE 3RD
Clearwater Threshers batting - Pitching for Galveston Sand Crabs : RHP Bill Mooneyham
Batting: RHB Pedro Hernandez 0-0: Swinging Strike
0-1: SINGLE (Groundball, 56, EV 78.8 MPH) (infield hit)
Batting: LHB Tom Jones 0-0: Ball
Pedro Hernandez steals 2nd base
1-0: Ball
2-0: Called Strike
2-1: Ball
3-1: Ground out 6-3 (Groundball, 6M, EV 87.5 MPH)
Pedro Hernandez to third
Batting: RHB Vincent Beringhele 0-0: Called Strike
0-1: Foul Ball, location: 2F
0-2: Ball
1-2: Foul Ball, location: 2F
1-2: Fly out, F9 (Flyball, 89D, EV 85.6 MPH)
Runner from 3rd tags up, SCORES, no throw by RF
Batting: SHB Craig Smajstrla 0-0: Ball
1-0: Swinging Strike
1-1: Foul Ball, location: 2F
1-2: Ball
2-2: Foul Ball, location: 2F
2-2: Ground out 5-3 (Groundball, 56S, EV 88.1 MPH)
Bottom of the 3rd over - 1 run, 1 hit, 0 errors, 0 left on base; Galveston 1 - Clearwater 1
TOP OF THE 4TH
Galveston Sand Crabs batting - Pitching for Clearwater Threshers : LHP Natale Beltrametti
Batting: RHB Stephen Fleming 0-0: Ball
1-0: Ball
2-0: Swinging Strike
2-1: Foul Ball, location: 2F
2-2: Strikes out swinging
Batting: RHB Sergio Padilla 0-0: Called Strike
0-1: Ball
1-1: Called Strike
1-2: Ball
2-2: Ball
3-2: Strikes out looking
Batting: RHB Willie Thomas 0-0: Ball
1-0: Ball
2-0: Called Strike
2-1: Ground out 1-3 (Groundball, 13S, EV 70.0 MPH)
Top of the 4th over - 0 runs, 0 hits, 0 errors, 0 left on base; Galveston 1 - Clearwater 1
BOTTOM OF THE 4TH
Clearwater Threshers batting - Pitching for Galveston Sand Crabs : RHP Bill Mooneyham
Batting: RHB Roy Wolfe 0-0: SINGLE (Line Drive, 9LS, EV 109.4 MPH)
Batting: RHB Gregory Norman 0-0: Swinging Strike
0-1: Ball
1-1: Ball
2-1: Fly out, F8 (Flyball, 78M, EV 91.3 MPH)
Batting: LHB Virgilio Silverio 0-0: Swinging Strike
0-1: Ball
1-1: Ball
2-1: Single, Error in OF, E9, batter to second base (Groundball, 34D, EV 98.1 MPH)
Roy Wolfe to third
Batting: RHB Jason Porter 0-0: Ball
1-0: Foul Ball, location: 2F
1-1: Called Strike
1-2: Strikes out swinging
Batting: RHB Pete Piskol 0-0: Foul Ball, location: 2F
0-1: Foul Ball, location: 2F
0-2: Strikes out swinging
Bottom of the 4th over - 0 runs, 2 hits, 1 error, 2 left on base; Galveston 1 - Clearwater 1
TOP OF THE 5TH
Galveston Sand Crabs batting - Pitching for Clearwater Threshers : LHP Natale Beltrametti
Batting: SHB Ricardo Rivera 0-0: Ball
1-0: Ball
2-0: Ball
3-0: Called Strike
3-1: Fly out, F7 (Flyball, 7LS, EV 81.3 MPH)
Batting: RHB Wil Muela 0-0: Called Strike
0-1: Swinging Strike
0-2: Ball
1-2: SOLO HOME RUN (Line Drive, 78XD, EV 103.8 MPH), Distance : 455 ft
Batting: RHB Jon Debus 0-0: Called Strike
0-1: Ground out 6-3 (Groundball, 6, EV 85.6 MPH)
Batting: LHB David Dyrek 0-0: Called Strike
0-1: Foul Ball, location: 2F
0-2: Ball
1-2: Foul Ball, location: 2F
1-2: Ground out U3 (Groundball, 3, EV 92.5 MPH)
Top of the 5th over - 1 run, 1 hit, 0 errors, 0 left on base; Galveston 2 - Clearwater 1
BOTTOM OF THE 5TH
Clearwater Threshers batting - Pitching for Galveston Sand Crabs : RHP Bill Mooneyham
Batting: RHB Pedro Hernandez 0-0: Ball
1-0: Ball
2-0: Foul Ball, location: 2F
2-1: DOUBLE (Line Drive, 3D, EV 101.3 MPH)
Batting: LHB Tom Jones 0-0: Ball
1-0: Fly out, F7 (Flyball, 7LM, EV 101.9 MPH)
Runner from 2nd tags up, OUT at 3rd! 7-5
Batting: RHB Vincent Beringhele 0-0: Foul Ball, location: 2F
0-1: Ball
1-1: Called Strike
1-2: Ball
2-2: Ball
3-2: Base on Balls
Batting: SHB Craig Smajstrla 0-0: Called Strike
0-1: Fly out, F8 (Flyball, 8RXD, EV 106.9 MPH)
Bottom of the 5th over - 0 runs, 1 hit, 0 errors, 1 left on base; Galveston 2 - Clearwater 1
TOP OF THE 6TH
Galveston Sand Crabs batting - Pitching for Clearwater Threshers : LHP Natale Beltrametti
Batting: SHB Darryl Wilks 0-0: Called Strike
0-1: Ball
1-1: Ball
2-1: Foul Ball, location: 2F
2-2: Ball
3-2: SOLO HOME RUN (Flyball, 7LD, EV 99.4 MPH), Distance : 368 ft
Batting: RHB Cayetano Cadahia 0-0: Swinging Strike
0-1: Ground out 4-3 (Groundball, 4, EV 95.6 MPH)
Batting: RHB Stephen Fleming 0-0: Swinging Strike
0-1: Called Strike
0-2: Ball
1-2: SINGLE (Groundball, 4MD, EV 97.5 MPH)
Batting: RHB Sergio Padilla 0-0: Fly out, F3 (Popup, 3SF, EV 73.8 MPH)
Batting: RHB Willie Thomas 0-0: Ball
1-0: Ball
2-0: Ball
3-0: Called Strike
3-1: Ground out U3 (Groundball, 34S, EV 81.9 MPH)
Top of the 6th over - 1 run, 2 hits, 0 errors, 1 left on base; Galveston 3 - Clearwater 1
BOTTOM OF THE 6TH
Clearwater Threshers batting - Pitching for Galveston Sand Crabs : RHP Bill Mooneyham
Batting: RHB Roy Wolfe 0-0: Fly out, F3 (Popup, 3F, EV 70.0 MPH)
Batting: RHB Gregory Norman 0-0: Called Strike
0-1: Ball
1-1: Called Strike
1-2: Strikes out looking
Batting: LHB Virgilio Silverio 0-0: Ball
1-0: Ball
2-0: Foul Ball, location: 2F
2-1: Ball
3-1: TRIPLE (Flyball, 9D, EV 93.1 MPH)
Batting: RHB Jason Porter 0-0: Foul Ball, location: 2F
0-1: Ground out 1-3 (Groundball, 13S, EV 66.3 MPH)
Bottom of the 6th over - 0 runs, 1 hit, 0 errors, 1 left on base; Galveston 3 - Clearwater 1
TOP OF THE 7TH
Galveston Sand Crabs batting - Pitching for Clearwater Threshers : LHP Natale Beltrametti
Batting: SHB Ricardo Rivera 0-0: Ground out 5-3 (Groundball, 56S, EV 70.0 MPH)
Batting: RHB Wil Muela 0-0: Fly out, F3 (Popup, 34, EV 60.0 MPH)
Batting: RHB Jon Debus 0-0: Fly out, F8 (Flyball, 8LD, EV 100.6 MPH)
Top of the 7th over - 0 runs, 0 hits, 0 errors, 0 left on base; Galveston 3 - Clearwater 1
BOTTOM OF THE 7TH
Clearwater Threshers batting - Pitching for Galveston Sand Crabs : RHP Bill Mooneyham
Batting: RHB Pete Piskol 0-0: Foul Ball, location: 2F
0-1: Ball
1-1: SINGLE (Line Drive, 6M, EV 96.9 MPH)
Batting: RHB Pedro Hernandez 0-0: Ball
1-0: Ball
2-0: Called Strike
2-1: SINGLE (Groundball, 56D, EV 78.8 MPH) (infield hit)
Pete Piskol to second
Batting: LHB Tom Jones 0-0: Ball
1-0: Called Strike
1-1: Foul Ball, location: 2F
1-2: Foul Ball, location: 2F
1-2: Strikes out looking
Batting: RHB Vincent Beringhele 0-0: Foul Ball, location: 2F
0-1: Ball
1-1: Ball
2-1: Called Strike
2-2: Ball
3-2: Base on Balls
Pete Piskol to third
Pedro Hernandez to second
Batting: SHB Craig Smajstrla 0-0: Ball
1-0: Fly out, F9 (Flyball, 89M, EV 94.4 MPH)
Runner from 3rd tags up, SCORES, throw by RF
Pedro Hernandez to third
Now in RF: Charles Menzhuber
Batting: RHB Roy Wolfe 0-0: Ball
1-0: Foul Ball, location: 2F
1-1: Called Strike
1-2: Strikes out looking
Bottom of the 7th over - 1 run, 2 hits, 0 errors, 2 left on base; Galveston 3 - Clearwater 2
TOP OF THE 8TH
Galveston Sand Crabs batting - Pitching for Clearwater Threshers : LHP Natale Beltrametti
Batting: LHB David Dyrek 0-0: Ball
1-0: Called Strike
1-1: Foul Ball, location: 2F
1-2: Strikes out looking
Batting: SHB Darryl Wilks 0-0: Foul Ball, location: 2F
0-1: Foul Ball, location: 2F
0-2: Ball
1-2: Fly out, F6 (Flyball, 5D, EV 88.1 MPH)
Batting: RHB Cayetano Cadahia 0-0: Ball
1-0: Ball
2-0: Swinging Strike
2-1: Ball
3-1: DOUBLE (Flyball, 89XD, EV 100.0 MPH)
Batting: RHB Stephen Fleming 0-0: Ball
1-0: Ball
2-0: Ball
3-0: Called Strike
3-1: Foul Ball, location: 2F
3-2: Fly out, F6 (Popup, 6M, EV 62.5 MPH)
Top of the 8th over - 0 runs, 1 hit, 0 errors, 1 left on base; Galveston 3 - Clearwater 2
BOTTOM OF THE 8TH
Clearwater Threshers batting - Pitching for Galveston Sand Crabs : RHP Bill Mooneyham
Batting: RHB Gregory Norman 0-0: Called Strike
0-1: Ball
1-1: Foul Ball, location: 2F
1-2: SINGLE (Groundball, 4MD, EV 104.4 MPH)
Batting: LHB Virgilio Silverio 0-0: Sac Bunt to P - play at first, batter OUT! 1-4
Gregory Norman to second
Batting: RHB Jason Porter 0-0: Called Strike
0-1: Ball
1-1: Swinging Strike
1-2: Strikes out swinging
Batting: RHB Pete Piskol 0-0: Swinging Strike
0-1: Ball
1-1: Fly out, F8 (Line Drive, 8RD, EV 83.8 MPH)
Bottom of the 8th over - 0 runs, 1 hit, 0 errors, 1 left on base; Galveston 3 - Clearwater 2
TOP OF THE 9TH
Galveston Sand Crabs batting - Pitching for Clearwater Threshers : LHP Natale Beltrametti
Batting: RHB Sergio Padilla 0-0: Called Strike
0-1: Ball
1-1: Swinging Strike
1-2: Foul Ball, location: 2F
1-2: Foul Ball, location: 2F
1-2: Ground out 6-3 (Groundball, 6, EV 79.4 MPH)
Batting: SHB Charles Menzhuber 0-0: Called Strike
0-1: Fly out, F9 (Line Drive, 9, EV 103.1 MPH)
Batting: SHB Ricardo Rivera 0-0: Ball
1-0: Swinging Strike
1-1: Swinging Strike
1-2: Foul Ball, location: 2F
1-2: Strikes out swinging
Top of the 9th over - 0 runs, 0 hits, 0 errors, 0 left on base; Galveston 3 - Clearwater 2
BOTTOM OF THE 9TH
Clearwater Threshers batting - Pitching for Galveston Sand Crabs : RHP Bill Mooneyham
Pitching: RHP Xavier Tovar
Now at 1B: Roman Musselwhite
Batting: RHB Pedro Hernandez 0-0: SINGLE (Groundball, 6M, EV 85.0 MPH) (infield hit)
Batting: LHB Tom Jones 0-0: Bunted foul
0-1: Bunt - Flyout to 23! F3
Batting: RHB Vincent Beringhele 0-0: Ball
1-0: Swinging Strike
1-1: Called Strike
1-2: Grounds into double play, 6-4-3 (Groundball, 6, EV 86.3 MPH)
Bottom of the 9th over - 0 runs, 1 hit, 0 errors, 0 left on base; Galveston 3 - Clearwater 2
Monday, August 17th, 2020 - OOTP Baseball 21.5 Build 76